 Dungeon Crawl Stone Soup version 0.21.1-1-g345015f (webtiles) character file.

98 inc the Sneak (level 4, -7/27 HPs)
             Began as an Octopode Enchanter on Apr 23, 2018.
             Mangled by vatarom's ghost (12 damage)
             ... on level 3 of the Dungeon.
             The game lasted 00:02:44 (1641 turns).

inc the Sneak (Octopode Enchanter)                  Turns: 1641, Time: 00:02:45

Health: -7/27      AC:  8    Str:  7    XL:     4   Next: 71%
Magic:  1/7        EV: 13    Int: 18    God:
Gold:   172        SH:  0    Dex: 12    Spells: 1/7 levels left

rFire    . . .     SeeInvis .   f - +2 short sword (protect)
rCold    . . .     Gourm    .   (no shield)
rNeg     . . .     Faith    .   (helmet restricted)
rPois    .         Spirit   .   (no amulet)
rElec    .         Reflect  .   (no ring)
rCorr    .         Harm     .   (no ring)
MR       .....                  (no ring)
Stlth    +++.......             (no ring)
HPRegen  0.09/turn              (no ring)
MPRegen  0.10/turn              (no ring)
                                (no ring)
                                (no ring)

@: protection aura, very slightly contaminated, hasted, very quick
A: almost no armour, stealthy swim, amphibious, 8 rings, constrict 8, camouflage
1, gelatinous body 1
a: no special abilities


You were on level 3 of the Dungeon.
You were hungry.

You visited 1 branch of the dungeon, and saw 3 of its levels.

You collected 172 gold pieces.

Inventory:

Hand Weapons
 a - a +1 dagger
 f - a +2 short sword of protection (weapon)
Armour
 l - a +2 shield
Scrolls
 e - 2 scrolls of remove curse {unknown}
 g - 2 scrolls of immolation {unknown}
 h - 2 scrolls of teleportation {unknown}
 m - 2 scrolls of identify {unknown}
Potions
 i - a potion of invisibility {unknown}
 j - a potion of berserk rage {unknown}
 k - a potion of degeneration {unknown}
Books
 b - a book of Maledictions

   Spells                             Type                      Level
   a - Corona                         Hexes                        1
   b - Ensorcelled Hibernation        Hexes/Ice                    2
   c - Confuse                        Hexes                        3
   d - Tukima's Dance                 Hexes                        3
   e - Dazzling Spray                 Conjuration/Hexes            3
 n - a book of Conjurations

   Spells                             Type                      Level
   a - Magic Dart                     Conjuration                  1
   b - Searing Ray                    Conjuration                  2
   c - Dazzling Spray                 Conjuration/Hexes            3
   d - Fulminant Prism                Conjuration/Hexes            4
   e - Force Lance                    Conjuration/Translocation    4
   f - Iskenderun's Mystic Blast      Conjuration                  4
Comestibles
 c - 5 rations


   Skills:
 - Level 3.7 Short Blades
 - Level 2.0 Dodging
 - Level 4.0 Stealth
 - Level 2.0 Spellcasting
 - Level 3.0 Hexes
 + Level 2.0 Ice Magic


You had one spell level left.
You knew the following spells:

 Your Spells              Type           Power        Failure   Level  Hunger
a - Corona                Hex            ##.....      5%          1    #......
b - Ensorcelled Hibernat  Hex/Ice        ##....       10%         2    ###....
c - Confuse               Hex            ##......     16%         3    ###....


Dungeon Overview and Level Annotations

Branches:
Dungeon (3/15)

Altars:

Annotations:
D:3 vatarom's ghost, amateur FoAK


Innate Abilities, Weirdness & Mutations

You cannot wear most types of armour.
You are very stealthy in the water. (Stealth+)
You are amphibious.
You can wear up to eight rings at the same time.
You can use your tentacles to constrict eight enemies at once.
Your skin changes colour to match your surroundings (Stealth+).
Your rubbery body absorbs attacks. (AC +1, EV +1)


Message History

You miscast Confuse.
You are very lightly contaminated with residual magic.
Your tentacles glow momentarily.
Vatarom's ghost says regretfully, "I wish I had corrupted all of this!"
Vatarom's ghost hits you.
* * * LOW HITPOINT WARNING * * *
Casting: Confuse
Confirm with . or Enter, or press ? or * to list all spells.
Aiming: Confuse
Press: ? - help, Shift-Dir - straight line, f/p - vatarom's ghost
Aim: vatarom's ghost (severely damaged, chance to defeat MR: 32%) Vatarom's ghost easily resists.
You are feeling hungry.
Vatarom's ghost closely misses you.
Casting: Confuse
Confirm with . or Enter, or press ? or * to list all spells.
You don't have enough magic to cast that spell.
Unknown command.
It was a potion of haste.
You feel yourself speed up. Vatarom's ghost hits you!
You die...

#.# #.# #.# #.#
#.# #%# #W# #@#
#.# #.#
################.#
.................#
##################


You could see vatarom's ghost.

Vanquished Creatures
  5 adders
  An adder skeleton (D:3)
  A worm (D:2)
  A dart slug (D:1)
  A leopard gecko (D:2)
  An orc (D:3)
  2 ball pythons (D:1)
  3 bats
  2 giant cockroaches (D:1)
  3 goblins
  6 hobgoblins
  3 jackals
  A quokka (D:2)
  A frilled lizard (D:2)
  6 kobolds
  7 rats
44 creatures vanquished.

Notes
Turn   | Place    | Note
-------+----------+-------------------------------------------
     0 | D:1      | inc the Octopode Enchanter began the quest for the Orb.
     0 | D:1      | Reached XP level 1. HP: 11/11 MP: 3/3
   288 | D:1      | Reached XP level 2. HP: 14/17 MP: 5/5
   863 | D:2      | Reached XP level 3. HP: 12/21 MP: 6/6
  1189 | D:2      | Reached XP level 4. HP: 27/27 MP: 7/7
  1292 | D:2      | Learned a level 2 spell: Ensorcelled Hibernation
  1296 | D:2      | Learned a level 3 spell: Confuse
  1344 | D:3      | Reached skill level 1 in Ice Magic
  1618 | D:3      | Noticed vatarom's ghost (amateur FoAK)
  1641 | D:3      | Mangled by vatarom's ghost

Skill      XL: |  1  2  3  4 |
---------------+-------------+-----
Short Blades   | 2 3 |  3.7
Ice Magic      | 2 |  2.0
Dodging        | |  2.0
Stealth        | |  4.0
Spellcasting   | |  2.0
Hexes          | |  3.0

Action                   |  1- 3 |  4- 6 || total
-------------------------+-------+-------++-------
Melee: Dagger            |    11 |       ||    11
       Constrict         |    10 |     7 ||    17
       Short sword       |    53 |    47 ||   100
       Tentacles         |     6 |     7 ||    13
 Cast: Confuse           |       |     1 ||     1
  Use: Potion            |       |     1 ||     1
 Stab: Sleeping          |    12 |     4 ||    16
  Eat: Chunk             |     1 |     1 ||     2
Armor: Skin              |     6 |    16 ||    22
Dodge: Dodged            |    36 |    37 ||    73
